 Dungeon Crawl Stone Soup version 0.25-a0-700-g7f8a797 (webtiles) character file.

Game seed: 4052711340930717819, levelgen mode: deterministic

14 Charmandara the Chopper (level 2, -1/16 HPs)
             Began as a Vine Stalker Chaos Knight on Apr 2, 2020.
             Was a Plaything of Xom.
             Slain by a hobgoblin
             ... wielding a +0 club
              (2 damage)
             ... on level 2 of the Dungeon.
             The game lasted 00:01:17 (213 turns).

Charmandara the Chopper (Vine Stalker Chaos Knight)  Turns: 213, Time: 00:01:18

Health: -1/16      AC:  5    Str: 14    XL:     2   Next: 45%
Magic:  0/3        EV: 11    Int: 12    God:    Xom [.....*]
Gold:   0          SH:  0    Dex: 13    Spells: 1/1 levels left

rFire    . . .     SeeInvis .   a - +0 hand axe (chaos)
rCold    . . .     Gourm    .   (no shield)
rNeg     . . .     Faith    .   b - +2 leather armour
rPois    .         Spirit   +   (no helmet)
rElec    .         Reflect  .   (no cloak)
rCorr    .         Harm     .   (no gloves)
MR       .....                  (no boots)
Stlth    +.........             (no amulet)
HPRegen  0.05/turn              (no ring)
MPRegen  0.08/turn              (no ring)

@: no status effects
A: fangs 2, magic shield, antimagic bite, no potion heal 3, rot immunity
a: Renounce Religion


You were on level 2 of the Dungeon.
You worshipped Xom.
You were Xom's teddy bear.
You were not hungry.

You visited 1 branch of the dungeon, and saw 3 of its levels.

Inventory:

Hand Weapons
 a - a +0 hand axe of chaos (weapon)
Armour
 b - a +2 leather armour (worn)
Scrolls
 d - a scroll of immolation {unknown}
Comestibles
 c - 2 rations
 f - 5 chunks of flesh {@w0}


   Skills:
 - Level 2.6 Fighting
 + Level 3.4 Axes
 - Level 1.5 Armour
 - Level 0.7 Dodging


You had one spell level left.
You didn't know any spells.
Your spell library was empty.

Dungeon Overview and Level Annotations

Branches:
Dungeon (3/15)

Altars:


Innate Abilities, Weirdness & Mutations

You have extremely sharp teeth.
When hurt, damage is shared between your health and your magic reserves.
Your bite disrupts and absorbs the magic of your enemies.
Potions cannot restore your health.
You are immune to rotting.


Message History

You see here an adder skeleton.
Found a ration.
Found a stone staircase leading up.
c - 2 rations (gained 1)
There is a stone staircase leading up here.
You climb upwards.
The hobgoblin shouts!
A hobgoblin comes into view. It is wielding a +0 whip.
The hobgoblin shouts!
The hobgoblin misses you. The hobgoblin closely misses you.
There is a stone staircase leading down here.
MP restored: 3 Unknown command.
You can't go up here!
Unknown command.
The hobgoblin closely misses you.
You climb downwards.
There is a stone staircase leading up here.
Unknown command.
Unknown command.
You hit the hobgoblin. You burn the hobgoblin. Your bite misses the hobgoblin.
The hobgoblin hits you but does no damage.
You hit the hobgoblin.
You kill the hobgoblin!
You see here a hobgoblin corpse.
You butcher the hobgoblin corpse.
f - 5 chunks of flesh {@w0} (gained 3)
You see here a hobgoblin skeleton.
There is a stone staircase leading down here.
Found an escape hatch in the ceiling.
There is an escape hatch in the ceiling here.
A bat comes into view.
The bat closely misses you. The bat hits you but does no damage.
The bat barely misses you.
You closely miss the bat. Your bite misses the bat. The bat closely misses you.
The bat hits you.
You now have 2/3 mp.
You slash the bat!
You kill the bat!
MP restored: 3 You see here 17 poisoned darts.
A bat comes into view.
The bat closely misses you.
You closely miss the bat. The bat barely misses you.
You closely miss the bat. The bat closely misses you. x2
You hit the bat but do no damage. The bat hits you but does no damage.
The bat barely misses you.
You closely miss the bat. The bat closely misses you.
You stumble into a teleport trap!
You are suddenly yanked towards a nearby monster!
Your surroundings seem slightly different.
The bat hits you but does no damage.
Unknown command.
Unknown command.
You completely miss the bat. Your bite misses the bat.
The bat completely misses you. The bat hits you but does no damage. x2
You miss the bat. Your bite misses the bat. The bat barely misses you.
The bat misses you.
You closely miss the bat. You bite the bat.
You kill the bat!
There is a stone staircase leading down here.
You climb downwards.
A hobgoblin and an orc come into view.
The orc shouts!
There is a stone staircase leading up here.
Unknown command.
You strike the helpless hobgoblin from behind!
You hit the hobgoblin.
The hobgoblin shouts!
The hobgoblin flickers and vanishes!
Deactivating autopickup; reactivate with Ctrl-A.
Xom is amused.
Your bite misses something. Something hits you but does no damage.
Unknown command.
You barely miss something. Something hits you but does no damage.
Unknown command.
You barely miss something. You bite something. Something hits you.
* * * LOW HITPOINT WARNING * * *
You take 4 damage, and have 4/16 hp.
MASSIVE DAMAGE!!
You now have 2/3 mp.
Unknown command.
You closely miss something. Something hits you.
* * * LOW HITPOINT WARNING * * *
You take 3 damage, and have 1/16 hp.
You now have 0/3 mp.
Unknown command.
Unknown command.
You aren't carrying any potions.
You aren't carrying any potions.
Unknown command.
Unknown command.
Something hits you but does no damage.
You climb upwards.
Reactivating autopickup.
There is a stone staircase leading down here.
Unknown command.
Unknown command.
Something hits you but does no damage.
Deactivating autopickup; reactivate with Ctrl-A.
Something hits you.
You die...

........<# #...#. ...####.#
#..... #.####.###### #..###
#............. #..#
###.##.####### #..# #...÷..#
#..# ###.#.#..###### #(.#
.............# #..#
###.#.#.@####.######..# #
#......# #..........#
###.#######.##>###.##########
........###.##.....#
............#####÷.#
.#.###.##### #<.# #....<.#
#..# #####..# #..#
#..########..#


There were no monsters in sight!

Vanquished Creatures
  An adder (D:2)
  2 bats (D:2)
  A giant cockroach (D:1)
  A hobgoblin (D:2)
  A kobold (D:1)
6 creatures vanquished.

Notes
Turn   | Place    | Note
-------+----------+-------------------------------------------
     0 | D:1      | Charmandara the Vine Stalker Chaos Knight began the quest
                  | for the Orb.
     0 | D:1      | Reached XP level 1. HP: 11/11 MP: 2/2
    82 | D:2      | HP: 1/11 [adder (2)]
    84 | D:2      | Reached skill level 3 in Axes
    84 | D:2      | Reached XP level 2. HP: 2/16 MP: 1/3
   208 | D:3      | HP: 4/16 [something (4)]
   209 | D:3      | HP: 1/16 [something (3)]
   213 | D:2      | Slain by a hobgoblin

Levels and vault maps discovered:
D:1:      dpeg_arrival_court, layout_loops_ring
D:2:      layout_loops_ring
D:3:      layout_loops_ring, nicolae_ru_path_of_blood, old_standard_altar,
          serial_bayou_pond_c, elyvilon_altar_5, uniq_ijyb

Skill      XL: |  1 |
---------------+----+-----
Axes           | 3 |  3.4
Fighting       | |  2.6
Armour         | |  1.5
Dodging        | |  0.7

Action                   || total
-------------------------++-------
Melee: Hand axe          ||    28
       Bite              ||     6
 Stab: Distracted        ||     1
Armor: Leather armour    ||    16
Dodge: Dodged            ||    23

Table legend:
 A = Non-vault XP
 B = Vault XP
 C = Vault XP percentage of total XP
 D = Non-vault monster count
 E = Vault monster count
 F = Vault count percentage of total count
                 A         B        C        D         E       F
            +---------+---------+-------+---------+---------+-------
      Total |      21 |       0 |   0.0 |       6 |       0 |   0.0
            +---------+---------+-------+---------+---------+-------
        D:1 |       3 |       0 |   0.0 |       2 |       0 |   0.0
        D:2 |      18 |       0 |   0.0 |       4 |       0 |   0.0
            +---------+---------+-------+---------+---------+-------

Levels and vault maps discovered:
D:1:      dpeg_arrival_court, layout_loops_ring
D:2:      layout_loops_ring
D:3:      layout_loops_ring, nicolae_ru_path_of_blood, old_standard_altar,
          serial_bayou_pond_c, elyvilon_altar_5, uniq_ijyb

Table legend:
 A = Turns spent in this place as a percentage of turns spent in the entire game.
 B = Non-inter-level travel turns spent in this place as a percentage of non-inter-level travel turns spent in the entire game.
 C = Inter-level travel turns spent in this place as a percentage of turns spent in this place.
 D = Turns resting spent in this place as a percentage of non-inter-level travel turns spent in this place.
 E = Turns spent auto-exploring this place as a percentage of non-inter-level travel turns spent in this place.
 F = Non-inter-level travel turns spent in this place divided by the number of levels of this place that you've seen.
                   A       B       C       D       E      F
               +-------+-------+-------+-------+-------+----------------------
         Total | 100.0 | 100.0 |   5.6 |   0.0 |   0.0 |  67.0
       Dungeon | 100.0 | 100.0 |   5.6 |   0.0 |   0.0 |  67.0
               +-------+-------+-------+-------+-------+----------------------

Table legend:
 A = Kills in this place as a percentage of kills in entire the game.
 B = Kills by you in this place as a percentage of kills by you in the entire game.
 C = Kills by friends in this place as a percentage of kills by friends in the entire game.
 D = Other kills in this place as a percentage of other kills in the entire game.
 E = Experience gained in this place as a percentage of experience gained in the entire game.
 F = Experience gained in this place divided by the number of levels of this place that you have seen.
                   A       B       C       D       E      F
               +-------+-------+-------+-------+-------+----------------------
         Total | 100.0 | 100.0 |   N/A |   N/A | 100.0 |   7.0
       Dungeon | 100.0 | 100.0 |   N/A |   N/A | 100.0 |   7.0
               +-------+-------+-------+-------+-------+----------------------
